Map: 이터널 엠파이어 - 래더

Players

Bunny - Winner!

  • Race: Terran Terran
  • Spawn Location: 7:00

GOStephano (Stephano)

  • Race: Zerg Zerg
  • League: Master
  • Spawn Location: 1:00

Event: StayAtHomestory Cup #2

VOD

Have the link to the VOD?

Description

Time

  • Played on: June 11, 2020, 7:47 a.m.
  • Length: 26:09

All games in this series

Show
View Real Time Build Order
Export as new Build Order

Bunny Terran - Winner!

Build Orders: Liberator Opening, Reaper Expand 

Get SALT Encoding   

  12  0:00  SCV  
  13  0:13  SCV  
  14  0:17  Supply Depot  
  14  0:25  SCV  
  15  0:39  SCV  
  15  0:41  Barracks  
  16  0:43  Refinery  
  16  0:51  SCV  
  17  1:03  SCV  
  18  1:15  SCV  
  19  1:28  Reaper, Orbital Command  
  20  1:40  Command Center  
  20  1:52  Supply Depot  
  20  1:53  SCV  
  21  2:00  Marine  
  22  2:06  SCV  
  23  2:09  Factory  
  23  2:18  SCV  
  24  2:23  Barracks Reactor  
  24  2:30  SCV  
  25  2:42  SCV  
  26  2:47  Command Center  
  26  2:53  Orbital Command  
  26  2:54  SCV  
  27  3:04  Hellion x2  
  31  3:06  SCV  
  32  3:13  Starport  
  32  3:15  Marine  
  32  3:18  SCV x2  
  35  3:26  Hellion  
  37  3:27  Hellion  
  37  3:31  SCV, Refinery  
  37  3:34  SCV  
  41  3:36  Barracks Tech Lab  
  41  3:44  SCV  
  41  3:46  SCV  
  41  3:56  SCV  
  41  3:58  SCV  
  41  4:01  Orbital Command  
  41  4:02  Hellion x2, Liberator  
  50  4:06  Marine  
  50  4:08  SCV  
  52  4:10  SCV  
  53  4:20  SCV  
  53  4:21  Stimpack  
  53  4:22  SCV  
  53  4:24  Hellion x2  
  59  4:28  SCV  
  60  4:33  SCV, Barracks  
  60  4:35  Barracks  
  61  4:40  Supply Depot  
  61  4:41  Engineering Bay  
  61  4:43  Engineering Bay  
  61  4:47  Refinery  
  61  4:50  Starport Reactor  
  61  4:56  Factory Tech Lab  
  61  5:01  Refinery  
  61  5:02  SCV x2, Marine  
  61  5:03  Supply Depot  
  64  5:08  Supply Depot, Terran Infantry Weapons Level 1  
  64  5:11  Orbital Command  
  64  5:14  SCV x2  
  64  5:18  Barracks, Siege Tank  
  64  5:21  Barracks  
  69  5:26  SCV  
  66  5:30  Barracks Reactor x2  
  66  5:31  SCV, Marine  
  66  5:38  SCV  
  65  5:43  SCV  
  65  5:46  Terran Infantry Armor Level 1  
  65  5:48  SCV, Marine  
  61  5:50  SCV  
  61  5:56  SCV, Siege Tank  
  66  5:57  Medivac  
  66  6:00  Supply Depot  
  66  6:01  Supply Depot  
  66  6:02  SCV x2  
  70  6:05  Medivac  
  70  6:06  Marine x3  
  70  6:07  Marine x2  
  70  6:08  SCV, Marine x2  
  70  6:09  Barracks Reactor  
  80  6:14  SCV  
  80  6:15  SCV  
  80  6:17  Refinery  
  82  6:19  Supply Depot  
  82  6:20  SCV, Combat Shield, Supply Depot  
  82  6:25  Marine x4  
  87  6:26  SCV  
  87  6:27  SCV  
  89  6:33  SCV  
  89  6:36  Medivac  
  89  6:38  SCV, Marine x2  
  89  6:39  SCV, Marine  
  97  6:42  Marine x2  
  97  6:45  SCV  
  100  6:48  Supply Depot  
  100  6:50  SCV  
  100  6:51  SCV  
  100  6:52  Command Center  
  102  6:54  Marine x4  
  102  6:56  Marine  
  102  6:58  Armory  
  107  7:09  Marine x4  
  107  7:12  SCV x3, Marine x3  
  107  7:15  Widow Mine  
  119  7:18  Factory  
  119  7:19  Medivac x2  
  113  7:26  Marine x3  
  113  7:27  Marine x3  
  113  7:28  SCV  
  113  7:29  SCV x2, Marine  
  119  7:34  Refinery  
  119  7:42  Marine x2  
  121  7:44  Marine x2, Widow Mine  
  121  7:48  Supply Depot x2  
  121  7:49  Supply Depot, Terran Infantry Weapons Level 2  
  125  7:51  Concussive Shells, Drilling Claws  
  125  7:55  Terran Infantry Armor Level 2  
  125  8:03  SCV x3, Factory Reactor, Marine  
  131  8:13  Marauder  
  131  8:15  Marine x7  
  138  8:20  Barracks x2  
  138  8:24  Barracks  
  136  8:34  SCV x2, Widow Mine  
  136  8:35  SCV, Marine  
  136  8:36  Marauder, Marine x7  
  136  8:41  Planetary Fortress  
  144  8:45  Supply Depot x2  
  143  8:48  Supply Depot  
  144  8:55  Widow Mine  
  144  8:56  Medivac, Widow Mine x2  
  144  8:57  Medivac  
  144  9:02  Marauder  
  152  9:04  SCV x3  
  155  9:13  Barracks Reactor, Barracks Tech Lab  
  155  9:15  Barracks Tech Lab  
  155  9:16  Barracks Tech Lab  
  155  9:18  Widow Mine x3  
  161  9:26  Medivac  
  161  9:27  Medivac  
  161  9:31  Marauder  
  166  9:36  Marauder x2  
  166  9:37  Marauder  
  169  9:39  Widow Mine x2  
  169  9:40  Widow Mine  
  169  9:41  Marine x7  
  181  9:46  Marine  
  181  9:50  Fusion Core  
  181  9:51  Refinery, Starport  
  181  9:52  Refinery  
  181  9:55  Supply Depot x2  
  179  10:01  Command Center  
  179  10:02  Marauder x2  
  179  10:05  Marauder  
  183  10:12  Widow Mine x2  
  183  10:13  Widow Mine  
  183  10:14  Marauder, Marine x3  
  175  10:15  Marine  
  175  10:19  Liberator  
  175  10:20  Liberator  
  184  10:23  Marauder x2  
  184  10:27  Marauder  
  190  10:31  Marine x2  
  190  10:33  Marine x4  
  190  10:34  Widow Mine x2  
  200  10:36  Starport Reactor, Terran Infantry Weapons Level 3, Terran Infantry Armor Level 3  
  198  10:58  Terran Ship Weapons Level 1  
  198  11:06  Marauder  
  200  11:24  Liberator  
  196  11:36  Liberator x2  
  196  11:39  Liberator  
  195  11:47  Planetary Fortress  
  195  11:50  Unknown  
  195  11:52  Command Center x2  
  195  11:53  Command Center  
  195  11:54  Command Center  
  184  12:04  Command Center  
  184  12:07  Liberator  
  181  12:19  Liberator x2  
  181  12:22  Liberator  
  188  12:29  Sensor Tower  
  188  12:36  Widow Mine x3  
  188  12:37  Marauder x2  
  188  12:41  Marauder x2, Marine  
  188  12:42  Marine x4  
  188  12:43  SCV  
  189  12:44  SCV x3  
  189  12:48  Marine x3  
  189  12:50  Liberator  
  196  12:55  SCV  
  196  12:57  Marine  
  196  12:58  Marine  
  195  12:59  Marine  
  195  13:01  Liberator  
  197  13:26  Medivac x2  
  199  13:31  Marine  
  199  13:32  Marauder x3, Marine x2  
  199  13:33  Marine x4, Liberator  
  173  13:34  Marine x2  
  173  13:40  Orbital Command x2  
  173  13:41  Orbital Command  
  174  13:44  Planetary Fortress, Liberator  
  174  13:48  Widow Mine x3  
  154  13:59  Planetary Fortress  
  154  14:00  Medivac x2  
  154  14:01  Marauder x4  
  156  14:03  Marine x3  
  156  14:06  Marine x3  
  156  14:07  Marine x2  
  164  14:16  Sensor Tower  
  162  14:21  Unknown, Marine  
  162  14:22  Liberator  
  164  14:26  Marauder x2  
  164  14:27  Marauder, Liberator  
  173  14:38  Liberator x2  
  174  14:50  Marauder x3  
  174  14:51  Marauder  
  182  15:05  Liberator  
  185  15:10  Liberator  
  167  15:17  Marauder x4  
  167  15:19  Marine x8  
  167  15:20  Liberator  
  167  15:21  Liberator  
  160  15:26  Widow Mine x3  
  139  15:37  Marine x7  
  139  15:38  Marauder  
  130  15:44  Marine x3  
  130  15:48  Marauder, Widow Mine, Liberator  
  135  15:53  Liberator  
  135  15:57  Orbital Command  
  132  16:00  Marauder, Marine x2  
  132  16:02  Marauder x2  
  132  16:03  Liberator  
  132  16:04  Medivac  
  132  16:06  SCV x2  
  132  16:07  SCV x3  
  137  16:14  Widow Mine x2  
  137  16:18  SCV  
  142  16:29  Terran Ship Weapons Level 2  
  142  16:31  Medivac  
  127  16:40  Marine  
  127  16:41  Marauder x3  
  127  16:45  Marauder  
  127  16:47  Marine x5  
  123  16:51  Marine x2  
  125  16:58  Marine  
  123  17:02  Marauder x2, Marine  
  122  17:09  Marauder  
  122  17:13  Marine  
  122  17:14  Marine x5  
  122  17:15  Marine  
  131  17:20  Marauder  
  133  17:23  Marauder  
  133  17:24  Marauder  
  133  17:28  SCV  
  133  17:29  SCV x3  
  140  17:30  SCV x4, Marauder  
  142  17:38  Widow Mine x3  
  142  17:40  SCV  
  149  17:48  Liberator x3  
  156  17:52  SCV  
  156  17:53  Liberator  
  156  17:57  Marauder x3  
  168  17:58  Marauder  
  168  17:59  Marine x3  
  168  18:01  Marine  
  168  18:04  Marine  
  168  18:05  Marine x3  
  172  18:13  Widow Mine x2  
  172  18:14  Widow Mine  
  172  18:19  Marauder x3  
  186  18:20  Marauder  
  186  18:22  Sensor Tower  
  186  18:31  Liberator x3  
  186  18:33  Marine  
  186  18:34  Marine x4  
  200  18:47  Command Center, Refinery x2  
  196  19:24  Liberator x4  
  185  19:26  Widow Mine x2  
  168  19:33  Starport  
  168  19:34  Starport  
  168  19:37  Widow Mine  
  157  19:39  Marauder x2  
  157  19:40  Marauder x2, Marine x8  
  165  19:45  Sensor Tower  
  165  19:46  Terran Ship Weapons Level 3  
  165  19:47  Widow Mine  
  165  19:48  Widow Mine  
  167  19:53  Neosteel Armor  
  167  20:01  Marauder  
  167  20:06  Marauder x3, Marine x8  
  165  20:16  Widow Mine x3  
  165  20:17  Medivac x2  
  165  20:18  Medivac x2  
  165  20:20  Medivac  
  175  20:22  Marauder  
  175  20:24  Marine x5  
  175  20:27  Marauder  
  175  20:28  Marauder  
  165  20:32  Marauder  
  165  20:34  Marine x3  
  161  20:40  Liberator  
  161  20:41  Marine  
  161  20:42  Marine x3  
  168  20:43  Marauder  
  168  20:49  Marauder x2  
  174  20:53  Marauder  
  174  21:00  Marine x4  
  176  21:05  Marauder  
  176  21:09  Planetary Fortress  
  176  21:10  SCV x7, Marauder x2  
  189  21:15  Marauder  
  191  21:22  SCV  
  191  21:26  Marauder, Marine  
  191  21:30  Marine  
  191  21:32  Marauder x2  
  197  21:33  Marine x4  
  197  21:34  Marine  
  197  21:36  Marauder  
  197  21:37  Widow Mine x2  
  197  21:39  Widow Mine  
  186  21:46  Marine x2  
  180  21:48  Marauder, Marine  
  180  21:51  Marine x3  
  180  21:52  Marine x2  
  180  21:53  Marauder x2  
  183  21:58  Marauder  
  181  22:04  Marine  
  181  22:08  Medivac  
  165  22:09  Marauder, Liberator x3  
  165  22:14  Marauder  
  165  22:15  Marauder  
  167  22:19  Marauder  
  167  22:20  Marine x3  
  167  22:21  Marine x5  
  166  22:25  Widow Mine  
  166  22:28  SCV  
  169  22:30  SCV x2, Marauder  
  169  22:31  Missile Turret  
  169  22:33  Liberator  
  169  22:36  Marauder x2  
  168  22:38  Marine x2  
  168  22:40  Marauder  
  170  22:52  Marauder  
  170  22:54  Liberator x3  
  170  22:57  Marauder  
  183  23:03  Unknown  
  173  23:14  Marauder x3, Marine x6  
  173  23:16  Liberator  
  167  23:23  Marauder, Marine  
  167  23:24  Marine  
  161  23:30  Liberator  
  161  23:31  Marine  
  161  23:32  Marine x5  
  160  23:34  Widow Mine x2  
  160  23:35  Marauder x2, Widow Mine  
  160  23:36  Marauder  
  172  23:41  Unknown, Marine x2  
  172  23:45  Marauder  
  172  23:47  Command Center  
  176  23:49  Marine x4, Liberator  
  183  23:57  Marauder x3  
  183  24:00  Marine x4  
  193  24:06  Marauder  
  193  24:07  Marine  
  186  24:18  Marauder, Marine  
  186  24:19  Marauder x2, Marine x6  
  186  24:22  Orbital Command  
  181  24:25  Marine  
  181  24:28  Marauder  
  181  24:29  Liberator x3  
  185  24:36  Marine  
  185  24:37  Marine x6  
  165  24:39  Marine  
  146  24:45  Marauder  
  146  24:46  Marauder, Marine  
  146  24:49  Marauder  
  143  24:54  Medivac, Marine x6, Liberator  
  143  24:55  Marine  
  143  24:57  Marauder  
  157  25:07  Marauder  
  150  25:08  Marauder  
  150  25:10  Marauder, Marine  
  150  25:12  Marine  
  150  25:14  Marine  
  156  25:19  Marauder  
  156  25:20  Medivac  
  150  25:39  Medivac x2  
  150  25:40  Marauder x3  
  168  25:45  Refinery  
  159  25:51  Marine x8  
Show
View Real Time Build Order
Export as new Build Order

GOStephano Zerg 

Build Orders: Hatch First, Lurkers 

Get SALT Encoding   

  12  0:00  Drone  
  13  0:12  Overlord  
  13  0:17  Drone  
  14  0:30  Drone x2  
  16  0:48  Hatchery  
  15  0:52  Drone  
  15  0:55  Drone  
  17  0:58  Drone  
  18  1:09  Extractor  
  17  1:14  Spawning Pool  
  17  1:17  Drone  
  17  1:20  Drone  
  18  1:28  Drone  
  19  1:38  Drone  
  20  1:49  Drone  
  21  2:01  Queen x2  
  25  2:09  Hatchery  
  25  2:11  Zergling x2  
  25  2:13  Zergling x2  
  26  2:18  Overlord  
  26  2:22  Drone  
  27  2:26  Drone  
  28  2:31  Spore Crawler  
  28  2:39  Queen  
  28  2:40  Drone x2  
  32  2:48  Drone, Metabolic Boost  
  32  2:53  Overlord  
  32  2:56  Drone  
  34  2:58  Drone  
  34  3:00  Drone  
  35  3:12  Drone x2  
  37  3:14  Drone x2  
  37  3:16  Drone  
  37  3:17  Drone  
  41  3:21  Queen  
  41  3:25  Overlord  
  43  3:29  Queen  
  43  3:33  Drone  
  46  3:36  Overlord  
  46  3:37  Drone  
  47  3:43  Drone x2  
  47  3:46  Drone x2  
  47  3:48  Drone x2  
  53  3:52  Zergling x4  
  53  3:55  Drone x2  
  57  3:57  Spore Crawler  
  57  3:59  Drone  
  57  4:01  Drone  
  59  4:04  Queen  
  59  4:07  Overlord  
  61  4:11  Overlord  
  61  4:13  Drone x2  
  61  4:14  Drone  
  64  4:18  Drone  
  65  4:25  Evolution Chamber  
  65  4:26  Evolution Chamber  
  65  4:27  Drone x3, Extractor  
  65  4:28  Extractor  
  65  4:29  Overlord  
  64  4:32  Drone  
  64  4:34  Drone x2  
  64  4:36  Drone x4  
  71  4:38  Overlord  
  71  4:42  Queen  
  71  4:45  Extractor x2  
  72  4:49  Extractor  
  72  4:50  Lair  
  70  4:53  Zerg Ground Armor Level 1  
  70  4:57  Zergling x6  
  76  5:00  Drone x3  
  76  5:07  Baneling Nest  
  76  5:14  Zerg Melee Weapons Level 1  
  75  5:15  Drone  
  75  5:18  Hatchery  
  75  5:19  Zergling x6  
  77  5:23  Drone x2  
  77  5:26  Zergling x2  
  67  5:37  Zergling x6  
  67  5:41  Drone x3  
  69  5:43  Drone  
  69  5:44  Drone  
  69  5:49  Drone x3  
  70  5:51  Drone  
  71  5:58  Centrifical Hooks  
  71  6:00  Drone x3  
  71  6:04  Drone  
  75  6:06  Drone  
  76  6:16  Drone x3  
  79  6:21  Hydralisk Den  
  79  6:22  Baneling x5  
  78  6:26  Zergling x10  
  83  6:33  Drone  
  83  6:34  Drone x2  
  83  6:35  Drone  
  87  6:46  Zergling x12  
  92  6:49  Overlord x2  
  92  6:51  Zerg Ground Armor Level 2  
  92  6:52  Muscular Augments  
  92  6:53  Zergling x4  
  94  6:55  Baneling x4  
  94  7:03  Spore Crawler  
  94  7:08  Overlord  
  92  7:10  Zergling x10  
  92  7:16  Overlord  
  85  7:25  Zergling x18  
  85  7:29  Drone  
  94  7:30  Drone x3  
  94  7:32  Baneling x3  
  95  7:40  Drone x5  
  95  7:43  Zerg Melee Weapons Level 2  
  100  7:49  Overseer  
  100  7:53  Hydralisk x3  
  100  7:56  Drone x3  
  108  8:03  Hydralisk x3  
  114  8:11  Baneling x6  
  114  8:12  Zergling x6, Baneling x3  
  115  8:22  Zergling x2  
  115  8:23  Zergling x16  
  120  8:33  Zergling x4  
  120  8:34  Zergling x16  
  127  8:41  Grooved Spines  
  127  8:42  Infestation Pit  
  127  8:48  Drone x6  
  130  8:49  Drone  
  129  8:57  Drone x7  
  136  9:02  Lurker Den  
  136  9:08  Unknown  
  134  9:14  Hydralisk  
  134  9:15  Overlord  
  134  9:16  Zerg Missile Weapons Level 1, Hatchery  
  135  9:22  Pneumatized Carapace  
  133  9:33  Hydralisk x5  
  143  9:41  Baneling x3  
  143  9:42  Baneling x2  
  133  9:55  Hydralisk x5  
  133  9:58  Hive  
  136  10:16  Hatchery  
  136  10:17  Drone x5  
  136  10:20  Hydralisk  
  142  10:23  Overlord  
  142  10:25  Hatchery, Overlord  
  142  10:26  Baneling x2  
  142  10:27  Baneling x9  
  141  10:31  Overlord  
  140  10:51  Zergling x2  
  140  10:52  Zergling x54  
  140  10:53  Overlord  
  140  10:55  Overlord  
  168  11:01  Hatchery  
  166  11:07  Baneling x10  
  166  11:08  Overlord x2, Lurker  
  166  11:10  Seismic Spines  
  167  11:12  Zerg Ground Armor Level 3  
  167  11:13  Zerg Melee Weapons Level 3  
  167  11:16  Unknown  
  159  11:21  Zergling x16  
  150  11:33  Lurker x2  
  150  11:34  Lurker x4  
  150  11:39  Drone x3  
  150  11:40  Drone x3  
  150  11:42  Drone  
  150  11:43  Drone x3  
  150  11:44  Adrenal Glands  
  157  11:53  Zergling x10  
  156  12:01  Hatchery  
  149  12:07  Adaptive Talons  
  146  12:09  Hydralisk x8  
  160  12:18  Overseer, Baneling x5  
  160  12:22  Hydralisk x2  
  164  12:30  Hatchery  
  161  12:38  Hydralisk x8  
  171  12:46  Hydralisk  
  171  12:47  Hydralisk x3  
  176  13:01  Hydralisk x7  
  190  13:06  Zergling x10  
  195  13:15  Hydralisk  
  195  13:16  Hydralisk  
  195  13:18  Baneling x9  
  195  13:19  Baneling x2  
  195  13:29  Hydralisk  
  195  13:30  Hydralisk x5  
  178  13:38  Zergling x16  
  171  13:53  Hydralisk x6  
  177  14:02  Queen x3  
  176  14:07  Drone x2  
  183  14:15  Extractor  
  182  14:19  Extractor  
  182  14:20  Lurker  
  182  14:21  Lurker x2  
  182  14:23  Overseer  
  184  14:34  Hatchery  
  184  14:36  Zergling x28  
  195  14:47  Hydralisk x2  
  195  14:48  Overlord  
  195  14:51  Overseer x2  
  199  14:56  Baneling x2  
  199  14:57  Baneling x19  
  194  15:08  Hydralisk x5  
  180  15:14  Hydralisk x2  
  180  15:18  Hydralisk x2  
  164  15:27  Hydralisk x3  
  152  15:30  Zergling x4  
  147  15:36  Hydralisk  
  147  15:37  Hydralisk x2  
  136  15:46  Hydralisk x3  
  141  15:56  Hydralisk x4  
  137  15:59  Hydralisk  
  118  16:04  Hydralisk x2  
  118  16:09  Lurker x2  
  119  16:13  Viper  
  119  16:15  Extractor  
  121  16:22  Hydralisk, Lurker x2  
  121  16:24  Zergling x16  
  124  16:34  Hydralisk  
  124  16:35  Hydralisk x4  
  124  16:40  Hydralisk x2  
  124  16:42  Hydralisk  
  120  16:51  Hydralisk x4  
  119  16:58  Hydralisk  
  119  16:59  Hydralisk  
  113  17:01  Hydralisk  
  110  17:11  Extractor  
  110  17:12  Hydralisk x4  
  110  17:14  Zergling x8  
  124  17:18  Overseer  
  124  17:20  Lurker  
  124  17:21  Zergling x12  
  126  17:23  Zergling x2  
  126  17:24  Zergling x2  
  126  17:28  Lurker x2  
  126  17:29  Zergling x4  
  132  17:32  Zergling x4  
  134  17:40  Zergling x12  
  134  17:51  Viper x2  
  140  18:01  Hydralisk x6  
  152  18:14  Hydralisk x5  
  152  18:17  Baneling x5  
  162  18:24  Lurker x2  
  162  18:26  Hydralisk  
  166  18:27  Baneling  
  166  18:33  Overlord  
  163  18:38  Lurker  
  163  18:39  Lurker x2  
  163  18:40  Lurker  
  164  18:43  Overseer  
  163  19:03  Hydralisk x5  
  163  19:07  Overlord  
  163  19:09  Hatchery  
  170  19:22  Hydralisk x6  
  170  19:23  Hydralisk x4  
  171  19:25  Hydralisk x2  
  156  19:32  Hydralisk x3  
  156  19:38  Hydralisk x2  
  156  19:42  Zergling x6  
  163  19:57  Zergling x6  
  161  20:00  Overseer  
  161  20:03  Unknown  
  151  20:09  Hydralisk x3  
  151  20:11  Hatchery  
  151  20:13  Hydralisk  
  144  20:16  Hydralisk  
  144  20:18  Zergling x2  
  135  20:33  Viper x2  
  131  20:38  Drone x5  
  136  20:48  Zergling x22  
  147  21:03  Overseer  
  147  21:11  Zergling x32  
  148  21:17  Overlord x2, Zerg Missile Weapons Level 2  
  161  21:24  Lurker x4  
  161  21:25  Lurker  
  164  21:38  Hydralisk x3  
  164  21:39  Hydralisk x2  
  155  21:46  Hydralisk x2  
  138  21:55  Zergling x20  
  143  22:05  Hydralisk x4  
  131  22:09  Hydralisk  
  131  22:13  Hydralisk  
  131  22:19  Hydralisk x2  
  131  22:21  Zergling x8  
  139  22:27  Overseer  
  139  22:37  Hatchery  
  137  22:48  Lurker x2  
  137  22:50  Zergling x12  
  145  22:51  Hatchery  
  144  23:05  Hydralisk x2  
  137  23:19  Hydralisk  
  127  23:30  Drone x2  
  127  23:36  Zergling x20  
  137  23:45  Zergling x8  
  137  23:46  Extractor  
  140  23:48  Extractor  
  136  23:56  Overseer  
  136  24:00  Zergling x14  
  124  24:10  Hydralisk x7  
  124  24:15  Zergling x6  
  127  24:22  Hydralisk x2  
  122  24:27  Hydralisk  
  120  24:35  Hydralisk  
  120  24:36  Hydralisk  
  109  24:41  Hydralisk  
  96  24:46  Zergling x22  
  96  24:51  Zergling x8  
  103  24:56  Hydralisk x2  
  107  25:03  Zergling x2  
  107  25:04  Zergling x8  
  108  25:08  Lurker x2  
  108  25:12  Unknown  
  109  25:15  Hydralisk  
  109  25:20  Hydralisk x2  
  116  25:31  Hydralisk x2  
  103  25:37  Hydralisk  
  103  25:39  Zergling x22  
Tags
 
Add a new tag
Caveats
  • Supply blocks, unpowered buildings, or Contaminate may cause inaccurate times.
  • Supply counts are checked every 10 seconds.